 Dungeon Crawl Stone Soup version 0.31-a0-236-g9a0961fb85 (webtiles) character file.

Game seed: 14041985088185772639

1625 qw the Skirmisher (level 8, -5/64 (70) HPs)
             Began as a Minotaur Hexslinger on July 10, 2023.
             Slain by a wight
             ... wielding a +5 halberd
              (6 damage)
             ... on level 6 of the Dungeon.
             The game lasted 00:01:53 (5009 turns).

qw the Skirmisher (Minotaur Hexslinger)             Turns: 5009, Time: 00:01:53

HP:   -5/64 (70)    AC:  7    Str: 13    XL:     8   Next: 65%
MP:   8/8           EV: 18    Int: 10    God:
Gold: 97            SH:  0    Dex: 15    Spells: 8/9 levels left

rFire   + . .        Y - +3 shortbow (flame)
rCold   . . .        (shield currently unavailable)
rNeg    . . .        e - +2 leather armour {rPois}
rPois   +            (helmet restricted)
rElec   .            (no cloak)
rCorr   .            (no gloves)
SInv    .            (no boots)
Will    .....        (no amulet)
Stlth   +            i - +5 ring of evasion
HPRegen 0.30/turn    (no ring)
MPRegen 0.11/turn

%: no passive effects
@: drained
A: horns 2, retaliatory headbutt, hooves 1, iridescent scales 1, fire resistance
1
a: no special abilities


You were on level 6 of the Dungeon.
You visited 2 branches of the dungeon, and saw 7 of its levels.

You collected 269 gold pieces.
You spent 172 gold pieces at shops.


Innate Abilities, Weirdness & Mutations

You have a pair of horns on your head.
You reflexively headbutt those who attack you in melee.
You have large cloven feet.
You are partially covered in iridescent scales. (AC +2)
Your flesh is heat resistant. (rF+)


   Skills:
 + Level 6.2 Fighting
 - Level 10.0 Ranged Weapons
 - Level 2.4 Armour
 - Level 4.0 Dodging
 - Level 1.0 Spellcasting
 - Level 2.0 Hexes


You had 8 spell levels left.
You knew the following spells:

 Your Spells              Type           Power      Damage    Failure   Level
a - Slow                  Hex            16%        N/A       19%         1

Your spell library contained the following spells:

 Spells                   Type           Power      Damage    Failure   Level
 Inner Flame              Hex/Fire       2%         N/A       65%         3
 Portal Projectile        Hex/Tloc       4%         N/A       65%         3
 Cause Fear               Hex            2%         N/A       88%         4

Inventory:

Hand Weapons
 Y - a +3 shortbow of flaming (weapon)
Armour
 a - the +0 robe "Peso Xest" {Will++}
   (You found it on level 4 of the Dungeon)

   Will:      It greatly increases your willpower.
 b - the +0 ring mail "Daecez" {Fly rElec rF- Stlth+}
   (You found it on level 4 of the Dungeon)

   rF:        It makes you vulnerable to fire.
   rElec:     It insulates you from electricity.
   Fly:       It grants you flight.
   Stlth:     It makes you more stealthy.
 e - a +2 leather armour of poison resistance (worn)
 m - a +2 robe of resistance
Jewellery
 i - a +5 ring of evasion (left hand)
Scrolls
 l - a scroll of identify
Potions
 c - a potion of curing {unknown}
 d - 2 potions of might
 f - a potion of heal wounds
 g - a potion of degeneration {unknown}
 h - a potion of mutation
 j - a potion of ambrosia {unknown}
 k - a potion of cancellation {unknown}
 n - a potion of haste

Dungeon Overview and Level Annotations

Branches:
Dungeon (6/15)             Temple (1/1) D:5

Altars:
Ashenzari
Cheibriados
Dithmenos
Elyvilon
Gozag
Hepliaklqana
Makhleb
Nemelex Xobeh
Qazlal
Ru
Sif Muna
Trog
Vehumet
Wu Jian
Xom
Yredelemnul
Zin

Shops:
D:3 [*   D:5 !


Message History

The orc priest closely misses you.
The orc warrior hits you but does no damage.
You shoot an arrow.
The arrow hits the orc priest but does no damage.
You shoot an arrow.
The arrow closely misses the orc priest.
The arrow closely misses the orc warrior.
The orc priest looks satisfied for a moment.
A wight comes into view. It is wielding a +0 trident.
The orc warrior barely misses you.
The orc wizard casts a spell.
The orc wizard flickers and vanishes!
Deactivating autopickup; reactivate with Ctrl-A.
You shoot an arrow.
The arrow hits the orc priest but does no damage.
The orc priest closely misses you. The orc warrior closely misses you.
You shoot an arrow. The arrow hits the orc priest.
The arrow burns the orc priest.
The orc priest is moderately wounded.
The orc priest calls upon Beogh to heal the orc warrior.
The orc warrior is healed somewhat.
The orc warrior barely misses you. The wight hits you but does no damage.
You shoot an arrow. The arrow hits the orc priest.
The arrow burns the orc priest.
The orc priest is severely wounded.
The orc priest barely misses you. You furiously retaliate!
You headbutt the orc priest!
You kill the orc priest!
The orc warrior hits you from afar with a +0 halberd!
The wight hits you with a +0 scimitar!
You feel drained.
The wight hits you from afar with a +5 halberd!
You feel drained.
An orc priest comes into view. It is wielding a +0 club.
You shoot an arrow. The arrow hits the wight!
The arrow burns the wight.
The wight is severely damaged.
The orc priest looks satisfied for a moment.
The orc warrior closely misses you. The wight misses you.
The wight hits you from afar with a +5 halberd!!
You feel drained.
You die...

#..... #.
'..... #.
###.>... #.
..#..... #.
.......
#.###
#..... #.oo
#.....
##.)#####..
#.....
#..@.zzz...
#.##..
###z#####..
#.. #.# #..
#.# ####..
#.# #..'..
#.# #.##..
#.# #.#...
#.# #.#...
#.# #.#...


You could see an orc warrior, 4 wights and an orc priest.

Vanquished Creatures
  Eustachio (D:4)
  Duvessa (D:4)
  An ice beast (D:5)
  An ogre (D:5)
  A centaur (D:5)
  A gnoll sergeant (D:5)
  A scorpion (D:5)
  6 wights (D:6)
  Dowan (D:4)
  2 jellies
  2 orc priests
  4 hounds
  5 iguanas
  An orc wizard (D:4)
  Natasha (thrice) (D:4)
  2 gnolls
  9 adders
  A white imp (D:6)
  2 dart slugs
  15 orcs
  7 endoplasms
  A giant cockroach (D:2)
  4 goblins
  2 hobgoblins
  11 jackals
  8 kobolds
  5 quokkas
  7 ball pythons
  4 bats
  A frilled lizard (D:1)
  7 rats
117 creatures vanquished.

Notes
Turn   | Place    | Note
-------+----------+-------------------------------------------
     0 | D:1      | qw the Minotaur Hexslinger began the quest for the Orb.
     0 | D:1      | Reached XP level 1. HP: 16/16 MP: 1/1
     0 | D:1      | 0 ||| qw: Version: 0.3-a-52-g30416fa
     0 | D:1      | 0 ||| qw: Game counter: 4877
     0 | D:1      | 0 ||| qw: Melee chars always use a shield: true
     0 | D:1      | 0 ||| qw: God list: Okawaru
     0 | D:1      | 0 ||| qw: Allow faded altars: false
     0 | D:1      | 0 ||| qw: Do Orc after clearing Dungeon:15 true
     0 | D:1      | 0 ||| qw: Do second Lair branch before Depths: true
     0 | D:1      | 0 ||| qw: Lair rune preference: random
     0 | D:1      | 0 ||| qw: Goals: Normal
     0 | D:1      | 0 ||| PLANNING D:1-11
     6 | D:1      | 6 ||| DROPPING scroll of poison.
   137 | D:1      | Reached skill level 3 in Ranged Weapons
   184 | D:1      | Reached XP level 2. HP: 17/23 MP: 2/2
   558 | D:1      | Reached XP level 3. HP: 27/29 MP: 3/3
   938 | D:1      | 938 ||| UPGRADING to +0 leather armour.
   948 | D:1      | 948 ||| DROPPING +0 robe.
   949 | D:1      | 949 ||| READING scroll labelled LOKHUO FI GACH.
   950 | D:1      | 950 ||| READING scroll labelled DAOTAH BATY.
   951 | D:1      | 951 ||| READING scroll labelled DYLIAV BOSI.
   952 | D:1      | 952 ||| READING scroll labelled TUODWU YMELAJI.
   953 | D:1      | 953 ||| READING scroll labelled HEREUQ EFAK.
   953 | D:1      | Identified a scroll of acquirement
   953 | D:1      | 953 ||| ACQUIRING +1 shortbow of flaming
   953 | D:1      | Acquired a +1 shortbow of flaming
   955 | D:1      | 955 ||| SWAPPING to +1 shortbow of flaming.
   956 | D:1      | 956 ||| DROPPING +1 sling.
  1061 | D:2      | Found a faded altar of an unknown god.
  1108 | D:2      | Reached skill level 4 in Ranged Weapons
  1403 | D:2      | Reached XP level 4. HP: 30/36 MP: 4/4
  2022 | D:2      | 2022 ||| UPGRADING to +5 ring of evasion.
  2023 | D:2      | 2023 ||| READING scroll labelled ZUMEET KIFU.
  2024 | D:2      | 2024 ||| READING scroll labelled DEUD NICHODESI.
  2025 | D:2      | 2025 ||| DRINKING 2 metallic amethyst potions.
  2026 | D:2      | 2026 ||| DRINKING 2 sapphire potions.
  2027 | D:2      | 2027 ||| DRINKING 2 viscous golden potions.
  2027 | D:2      | Gained mutation: Your flesh is heat resistant. (rF+)
                  | [potion of mutation]
  2027 | D:2      | Gained mutation: You are partially covered in iridescent
                  | scales. (AC +2) [potion of mutation]
  2027 | D:2      | Gained mutation: You have large cloven feet. [potion of
                  | mutation]
  2028 | D:2      | 2028 ||| DROPPING potion of brilliance.
  2061 | D:3      | Found Dystipp's Assorted Antiques.
  2097 | D:3      | Found Geanucu's Armour Boutique.
  2105 | D:3      | 2105 ||| BUYING +0 ring mail (52 gold).
  2105 | D:3      | Bought a +0 ring mail for 52 gold pieces
  2105 | D:3      | 2105 ||| SHOPLISTING +2 leather armour of cold resistance
                  | (247 gold, have 44).
  2161 | D:3      | Reached skill level 5 in Ranged Weapons
  2284 | D:3      | Found a faded altar of an unknown god.
  2284 | D:3      | Found a hazy altar of Hepliaklqana.
  2287 | D:3      | Found a faded altar of an unknown god.
  2450 | D:3      | You fall into a shaft and drop 1 floor!
  2482 | D:4      | Noticed Eustachio
  2502 | D:4      | Killed Eustachio
  2503 | D:4      | Reached XP level 5. HP: 34/48 MP: 5/5
  2567 | D:4      | 2567 ||| UPGRADING to +0 ring mail.
  2577 | D:4      | 2577 ||| UPGRADING to +2 leather armour of poison
                  | resistance.
  2587 | D:4      | 2587 ||| DROPPING +0 ring mail.
  2588 | D:4      | 2588 ||| DROPPING +0 leather armour.
  2589 | D:4      | 2589 ||| READING scroll labelled SERAFY QI XEU.
  2590 | D:4      | 2590 ||| DRINKING 2 glowing dark potions.
  2596 | D:4      | Identified the +0 robe "Peso Xest" {Will++}
  2599 | D:4      | 2599 ||| FLEEEEING.
  2600 | D:4      | 2600 ||| STAIRDANCE
  2763 | D:4      | Noticed Natasha
  2765 | D:4      | Killed Natasha
  2766 | D:4      | Reached XP level 6. HP: 46/56 MP: 6/6
  2836 | D:4      | Noticed Natasha
  2840 | D:4      | Killed Natasha
  2885 | D:4      | Identified the +0 ring mail "Daecez" {Fly rElec rF- Stlth+}
  3085 | D:4      | Noticed Duvessa
  3085 | D:4      | Noticed Dowan
  3095 | D:4      | Killed Duvessa
  3096 | D:4      | Reached skill level 6 in Ranged Weapons
  3101 | D:4      | Killed Dowan
  3102 | D:4      | HP: 11/56 [frozen (5)]
  3103 | D:4      | 3103 ||| DRINKING potion of heal wounds.
  3106 | D:4      | 3106 ||| FLEEEEING.
  3108 | D:4      | 3108 ||| FLEEEEING.
  3109 | D:4      | 3109 ||| FLEEEEING.
  3110 | D:4      | 3110 ||| FLEEEEING.
  3111 | D:4      | 3111 ||| FLEEEEING.
  3112 | D:4      | 3112 ||| FLEEEEING.
  3113 | D:4      | 3113 ||| FLEEEEING.
  3114 | D:4      | 3114 ||| FLEEEEING.
  3115 | D:4      | 3115 ||| FLEEEEING.
  3116 | D:4      | 3116 ||| STAIRDANCE
  3192 | D:3      | 3192 ||| READING scroll labelled TYDIUKUMUT.
  3274 | D:4      | Reached skill level 7 in Ranged Weapons
  3274 | D:4      | Reached XP level 7. HP: 61/61 MP: 7/7
  3471 | D:4      | Noticed Natasha
  3475 | D:4      | Killed Natasha
  3584 | D:5      | Entered Level 5 of the Dungeon
  3682 | D:5      | 3682 ||| READING scroll of enchant weapon.
  3682 | D:5      | 3682 ||| ENCHANTING +2 shortbow of flaming.
  3702 | D:5      | Reached skill level 8 in Ranged Weapons
  3795 | D:5      | Reached skill level 3 in Dodging
  3799 | D:5      | 3799 ||| FLEEEEING.
  3935 | D:5      | Reached XP level 8. HP: 55/68 MP: 8/8
  4071 | D:5      | Found a staircase to the Ecumenical Temple.
  4072 | D:5      | 4072 ||| PLANNING TEMPLE
  4078 | D:5      | Reached skill level 9 in Ranged Weapons
  4085 | Temple   | Entered the Ecumenical Temple
  4254 | Temple   | 4254 ||| PLANNING D:1-11
  4330 | D:5      | Found Egedyugh's Distillery.
  4739 | D:6      | 4739 ||| READING scroll labelled EKHLIU SOEBULL.
  4747 | D:6      | 4747 ||| STAIRDANCE
  4759 | D:6      | Reached skill level 6 in Fighting
  4866 | D:6      | 4866 ||| Stepping ~*~*~tactically~*~*~ (outnumbered).
  4867 | D:6      | 4867 ||| Stepping ~*~*~tactically~*~*~ (outnumbered).
  4881 | D:6      | Reached skill level 10 in Ranged Weapons
  4912 | D:6      | 4912 ||| STAIRDANCE
  4916 | D:5      | 4916 ||| BUYING potion of haste (120 gold).
  4916 | D:5      | Bought a potion of haste for 120 gold pieces
  4916 | D:5      | 4916 ||| SHOPLISTING potion of haste (120 gold, have 97).
  5009 | D:6      | HP: 1/67 [wight/+5 halberd (20)]
  5009 | D:6      | Slain by a wight

Levels and vault maps discovered:
D:1:      spicycebolla_green_bress_n_ham, layout_basic
D:2:      layout_basic, shapermc_ecumenical_altar_rom_forum, minmay_hedge_maze
D:3:      layout_loops_ring, nicolae_hepliaklqana_ecumenical_no_more,
          serial_shops, shop, nicolae_shop_statue_plus
D:4:      layout_loops_cross, uniq_natasha, uniq_eustachio, uniq_duvessa
D:5:      kb_forest_paths, layout_cave_pools, minmay_temple_entry_stoned_glass,
          serial_shops, nicolae_take_the_stairs
D:6:      layout_basic
Temple:   nicolae_temple_bog_church

Skill      XL: |  1  2  3  4  5  6  7  8 |
---------------+-------------------------+-----
Ranged Weapons | 3 4 5 7 8 10 | 10.0
Fighting       | 2 5 6 |  6.2
Dodging        | 3 4 |  4.0
Armour         | 2 |  2.4
Spellcasting   | |  1.0
Hexes          | |  2.0

Action                     |  1- 3 |  4- 6 |  7- 9 || total
---------------------------+-------+-------+-------++-------
   Fire: Sling             |    82 |       |       ||    82
         Shortbow          |    38 |   115 |   140 ||   293
    Use: Scroll            |     5 |     4 |     2 ||    11
         Potion            |       |     5 |       ||     5
 Armour: Robe              |     6 |       |       ||     6
         Leather armour    |     5 |    13 |     5 ||    23
  Dodge: Dodged            |    33 |    44 |    54 ||   131

Table legend:
 A = Non-vault XP
 B = Vault XP
 C = Vault XP percentage of total XP
 D = Non-vault monster count
 E = Vault monster count
 F = Vault count percentage of total count
                 A         B        C        D         E       F
            +---------+---------+-------+---------+---------+-------
      Total |    1535 |     787 |  33.9 |     107 |      10 |   8.5
            +---------+---------+-------+---------+---------+-------
        D:1 |      51 |       0 |   0.0 |      23 |       0 |   0.0
        D:2 |      67 |       0 |   0.0 |      21 |       0 |   0.0
        D:3 |      34 |       0 |   0.0 |      10 |       0 |   0.0
        D:4 |     231 |     438 |  65.5 |      21 |       4 |  16.0
        D:5 |     507 |     349 |  40.8 |      16 |       6 |  27.3
        D:6 |     645 |       0 |   0.0 |      16 |       0 |   0.0
            +---------+---------+-------+---------+---------+-------
